 Dungeon Crawl Stone Soup version 0.28.0-62-gf88900778d (webtiles) character file.

Game seed: 7999272498807185175

462 cbfl8 the Chopper (level 6, 0/72 HPs)
             Began as a Demonspawn Berserker on June 12, 2023.
             Was a Priest of Trog.
             Slain by a hornet (4 damage)
             ... on level 4 of the Dungeon.
             The game lasted 00:03:53 (5008 turns).

cbfl8 the Chopper (Demonspawn Berserker)            Turns: 5008, Time: 00:03:54

Health: 0/72       AC:  8    Str: 17    XL:     6   Next: 79%
Magic:  6/6        EV: 11    Int: 16    God:    Trog [***...]
Gold:   169        SH:  0    Dex: 15    Spells: 5/5 levels left

rFire   . . .      SeeInvis .   s - +0 hand axe (vorpal)
rCold   . . .      Faith    +   (no shield)
rNeg    . . .      Spirit   .   d - +0 ring mail
rPois   .          Reflect  .   (helmet restricted)
rElec   .          Harm     .   (no cloak)
rCorr   .          Rampage  .   (no gloves)
Will    .....                   b - +2 pair of boots
Stlth   ..........              r - amulet of faith
HPRegen 0.22/turn               q - +6 ring of intelligence
MPRegen 0.10/turn               (no ring)

@: berserking, lethally poisoned (0 -> -4), slowed
A: antennae 1, foul stench 2, spiny 1, big brain 1
a: Renounce Religion, Berserk, Trog's Hand


You were on level 4 of the Dungeon.
You worshipped Trog.
Trog was most pleased with you.
You visited 1 branch of the dungeon, and saw 4 of its levels.
You also visited: Ossuary.

You collected 169 gold pieces.

Inventory:

Hand Weapons
 s - a +0 vorpal hand axe (weapon)
Armour
 a - the +1 crystal plate armour of Feky {+Blink rPois}
   (You acquired it on level 4 of the Dungeon)

   rPois:     It protects you from poison.
   +Blink:    It lets you blink.
 b - a +2 pair of boots (worn)
 d - a +0 ring mail (worn)
Jewellery
 q - a +6 ring of intelligence (left hand)
 r - an amulet of faith (around neck)
Scrolls
 c - a scroll of holy word {unknown}
 f - a scroll of noise
 g - 4 scrolls of enchant weapon
 k - a scroll of fog {unknown}
 m - a scroll of brand weapon
 p - a scroll of blinking {unknown}
 u - a scroll of vulnerability {unknown}
 v - 2 scrolls of identify
 w - a scroll of teleportation {unknown}
Potions
 e - a potion of attraction {unknown}
 h - 3 potions of resistance {unknown}
 i - a potion of curing
 j - 2 potions of flight {unknown}
 l - 3 potions of brilliance {unknown}
 n - a potion of lignification {unknown}
 o - a potion of mutation {unknown}
 t - a potion of magic {unknown}


   Skills:
 + Level 4.2 Fighting
 + Level 5.0 Axes
 + Level 3.6 Armour
 + Level 2.7 Dodging
 + Level 0.3 Stealth


You had 5 spell levels left.
You didn't know any spells.
Your spell library was empty.

Dungeon Overview and Level Annotations

Branches:
Dungeon (4/15)            Ossuary (visited)
 Temple: D:4-7

Altars:

Annotations:
D:3 3 runed translucent doors, nerdsy's ghost, weakling DDFi


Innate Abilities, Weirdness & Mutations

You have a pair of small antennae on your head.
You sometimes emit foul miasma when damaged in melee.
You are partially covered in sharp spines.
You have an unusually large brain. (Int +2)


Message History

The scorpion stings you. The scorpion is struck by your spines.
The scorpion stings you.
Unknown command.
You hit the scorpion.
The scorpion is almost dead.
You hit the endoplasm. The endoplasm is struck by your spines.
You kill the endoplasm!
Trog accepts your kill. The scorpion is struck by your spines.
You kill the scorpion!
Trog accepts your kill.
Your Axes skill increases to level 5!
You hit the kobold.
The kobold is severely wounded.
The kobold is struck by your spines.
You kill the kobold!
Trog accepts your kill.
Unknown command.
Found a stone staircase leading down.
The hornet stings you!
You are poisoned.
You suddenly lose the ability to move!
You feel very sick. The hornet stings you!
You shrug off the repeated paralysis!
The hornet stings you but does no damage.
You feel sick.
The hornet stings you but does no damage.
You can move again.
A red film seems to cover your vision as you go berserk!
You feel yourself moving faster!
You feel mighty!
You feel sick. The hornet stings you!
* * * LOW HITPOINT WARNING * * *
You feel yourself slow down. The hornet barely misses you.
You barely miss the hornet.
You feel sick. The hornet stings you.
* * * LOW HITPOINT WARNING * * *
You feel as though you will be slow longer.
Unknown command.
You closely miss the hornet.
* * * LOW HITPOINT WARNING * * *
You feel sick. The hornet stings you.
You die...

## #.#.......#
##.#########
#.<# #.## #
#.####### #.#
#........
#...##.......>
#.............
#####)@†......
#.....y>.....
....###........
### #.#.#.#.#
.........
#.#.#.#.#
......... #.# #
#>


You could see a hornet.

Vanquished Creatures
  2 scorpions (D:4)
  A jelly (D:2)
  An orc priest (D:4)
  Jessica (D:2)
  2 orc wizards
  4 mummies (Ossuary)
  2 adders
  3 gnolls (D:2)
  An adder zombie (Ossuary)
  2 worms
  A dart slug (D:1)
  10 orcs
  7 ball pythons
  5 endoplasms
  3 giant cockroaches
  A gnoll zombie (Ossuary)
  5 hobgoblins
  14 jackals
  A quokka (D:2)
  5 bats
  5 frilled lizards
  4 goblin zombies (Ossuary)
  2 hobgoblin zombies (Ossuary)
  A jackal zombie (Ossuary)
  5 kobolds
  A kobold zombie (Ossuary)
  9 rats
  2 rat zombies (Ossuary)
100 creatures vanquished.

Vanquished Creatures (others)
  3 plants (D:2)
3 creatures vanquished.

Grand Total: 103 creatures vanquished

Notes
Turn   | Place    | Note
-------+----------+-------------------------------------------
     0 | D:1      | cbfl8 the Demonspawn Berserker began the quest for the Orb.
     0 | D:1      | Reached XP level 1. HP: 18/18 MP: 1/1
   431 | D:1      | Gained mutation: You may rarely emit foul miasma when
                  | damaged in melee. [demonic ancestry]
   431 | D:1      | Reached XP level 2. HP: 16/24 MP: 2/2
   718 | D:1      | Reached skill level 3 in Axes
  1171 | D:1      | Gained mutation: You have an unusually large brain. (Int
                  | +2) [demonic ancestry]
  1171 | D:1      | Reached XP level 3. HP: 26/29 MP: 3/3
  2312 | D:2      | Gained mutation: You are partially covered in sharp spines.
                  | [demonic ancestry]
  2312 | D:2      | Reached XP level 4. HP: 34/36 MP: 4/4
  2605 | D:2      | Noticed Jessica
  2618 | D:2      | Killed Jessica
  3063 | D:2      | Reached ** piety under Trog
  3256 | D:2      | Gained mutation: You have a pair of small antennae on your
                  | head. [demonic ancestry]
  3256 | D:2      | Reached XP level 5. HP: 31/42 MP: 5/5
  3461 | D:2      | Reached skill level 4 in Axes
  3630 | D:3      | Found a runed translucent gate.
  3631 | D:3      | Found a runed translucent gate.
  3631 | D:3      | Noticed nerdsy's ghost (weakling DDFi)
  3633 | D:3      | Found a runed translucent gate.
  4244 | D:4      | Gained mutation: You sometimes emit foul miasma when
                  | damaged in melee. [demonic ancestry]
  4244 | D:4      | Reached XP level 6. HP: 27/48 MP: 6/6
  4453 | D:4      | Identified a scroll of acquirement
  4496 | D:4      | Acquired the +1 crystal plate armour of Feky {+Blink rPois}
  4561 | D:4      | Found a sand-covered staircase.
  4566 | Ossuary  | Entered an ossuary
  4573 | Ossuary  | Reached *** piety under Trog
  4999 | D:4      | Noticed a hornet
  5002 | D:4      | Reached skill level 5 in Axes
  5003 | D:4      | Paralysed by a hornet for 3 turns
  5008 | D:4      | Slain by a hornet

Illustrated notes

Levels and vault maps discovered:
D:1:      matt_arrival_grand_opening, layout_loops_corners, feat_on_display
D:2:      layout_loops_corners, guppyfry_early_lair_pool, uniq_jessica
D:3:      layout_rooms, gammafunk_ghost_split, chequers_serial_rivers_micro_a
D:4:      layout_rooms, nicolae_hepliaklqana_ecumenical_no_more,
          nicolae_ossuary_entry_false_entrances, st_stairs_11, minmay_ruptured,
          uniq_grinder

Skill      XL: |  1  2  3  4  5  6 |
---------------+-------------------+-----
Axes           | 3 4 5 |  5.0
Dodging        | 2 |  2.7
Armour         | 2 3 |  3.6
Fighting       | 4 |  4.2
Stealth        | |  0.3

Action                   |  1- 3 |  4- 6 || total
-------------------------+-------+-------++-------
Melee: Hand axe          |   104 |   152 ||   256
Invok: Berserk           |     1 |     2 ||     3
  Use: Scroll            |       |     5 ||     5
Armor: Ring mail         |    45 |    56 ||   101
Dodge: Dodged            |    71 |    75 ||   146
